ITL
LOUISVILLE BATS @ ALLENTOWN HILLBILLIES
06/26/2029
 
TOP OF THE 1ST
Louisville Bats batting - Pitching for Allentown Hillbillies : LHP Robert Trent
Pitching: LHP Robert Trent
Batting: SHB Dave Henley 0-0: Ball
1-0: Fly out, F9 (Flyball, 9)
Batting: RHB Dick Slagboom 0-0: Ball
1-0: Ball
2-0: Foul Ball, location: 2F
2-1: Foul Ball, location: 2F
2-2: Foul Ball, location: 2F
2-2: Ball
3-2: Base on Balls
Batting: RHB Danny Campbell 0-0: TRIPLE (Flyball, 89D)
Dick Slagboom scores
Batting: RHB Juan Costello 0-0: Swinging Strike
0-1: Foul Ball, location: 2F
0-2: Ball
1-2: SINGLE (Line Drive, 78S)
Danny Campbell scores
Batting: RHB Juan García 0-0: Ball
Juan Costello is caught stealing 2nd base
1-0: Called Strike
1-1: Ball
2-1: Foul Ball, location: 2F
2-2: Fly out, F3 (Line Drive, 34D)
Top of the 1st over - 2 runs, 2 hits, 0 errors, 0 left on base; Louisville 2 - Allentown 0
BOTTOM OF THE 1ST
Allentown Hillbillies batting - Pitching for Louisville Bats : RHP Honorato Mota
Pitching: RHP Honorato Mota
Batting: RHB Dan Banks 0-0: Ball
1-0: Called Strike
1-1: Ball
2-1: Ball
3-1: Called Strike
3-2: Base on Balls
Batting: RHB Von Ford 0-0: SINGLE (Line Drive, 6MD)
Dan Banks to second
Batting: LHB António Salazar 0-0: Called Strike
0-1: Called Strike
0-2: Strikes out swinging
Batting: LHB John Hudson 0-0: Ball
1-0: Foul Ball, location: 2F
1-1: Grounds into double play, 1-6-3 (Groundball, 13S)
Bottom of the 1st over - 0 runs, 1 hit, 0 errors, 1 left on base; Louisville 2 - Allentown 0
TOP OF THE 2ND
Louisville Bats batting - Pitching for Allentown Hillbillies : LHP Robert Trent
Batting: RHB Roberto Zamora 0-0: Ball
1-0: Ball
2-0: Ball
3-0: Base on Balls
Batting: RHB Júlio Sánchez 0-0: Ball
1-0: Fly out, F9 (Flyball, 89S)
Batting: RHB Alberto Soto 0-0: Called Strike
0-1: Ball
1-1: Fly out, F4 (Popup, 34)
Batting: RHB Luis Peña 0-0: DOUBLE (Flyball, 8RXD)
Roberto Zamora to third
Runner from 3rd tries for Home, SAFE, no throw
Batting: SHB Dave Henley 0-0: Ball
1-0: Ball
2-0: Ball
3-0: Base on Balls
Batting: RHB Dick Slagboom 0-0: Ball
1-0: Ball
2-0: 3-RUN HOME RUN (Flyball, 78XD), Distance : 401 ft
Batting: RHB Danny Campbell 0-0: Ball
1-0: Swinging Strike
1-1: Ball
2-1: Ball
3-1: Base on Balls
Batting: RHB Juan Costello 0-0: Ball
1-0: Ball
2-0: Ball
3-0: Base on Balls
Danny Campbell to second
Batting: RHB Juan García 0-0: Ball
1-0: Ball
2-0: Ball
3-0: Base on Balls
Danny Campbell to third
Juan Costello to second
Batting: RHB Roberto Zamora 0-0: Ball
1-0: Foul Ball, location: 2F
1-1: Ball
2-1: Fielders Choice at 2nd, 5-4 (Groundball, 5)
Top of the 2nd over - 4 runs, 2 hits, 0 errors, 3 left on base; Louisville 6 - Allentown 0
BOTTOM OF THE 2ND
Allentown Hillbillies batting - Pitching for Louisville Bats : RHP Honorato Mota
Batting: RHB Germano Labrego 0-0: Called Strike
0-1: Ball
1-1: Fly out, F8 (Flyball, 78M)
Batting: RHB Donald Sanford 0-0: Ball
1-0: SINGLE (Line Drive, 6MD)
Batting: RHB Diego Rivera 0-0: Ball
1-0: Swinging Strike
1-1: Foul Ball, location: 2F
1-2: Ball
2-2: Strikes out looking
Batting: RHB Joel Jackson 0-0: Ball
1-0: Swinging Strike
1-1: Ball
2-1: Ball
3-1: Called Strike
3-2: Base on Balls
Donald Sanford to second
Batting: RHB António Yánez 0-0: Ball
1-0: Ball
2-0: Called Strike
2-1: Called Strike
2-2: Ball
3-2: Foul Ball, location: 2F
3-2: Foul Ball, location: 2F
3-2: SINGLE (Line Drive, 6D)
Donald Sanford to third
Joel Jackson to second
Donald Sanford scores
Joel Jackson to third
Batting: RHB Dan Banks 0-0: Foul Ball, location: 2F
0-1: Ball
1-1: Fly out, F9 (Line Drive, 9S)
Bottom of the 2nd over - 1 run, 2 hits, 0 errors, 2 left on base; Louisville 6 - Allentown 1
TOP OF THE 3RD
Louisville Bats batting - Pitching for Allentown Hillbillies : LHP Robert Trent
Batting: RHB Júlio Sánchez 0-0: Ball
1-0: DOUBLE (Groundball, 3L)
Batting: RHB Alberto Soto 0-0: Called Strike
0-1: Hit by Pitch
Batting: RHB Luis Peña 0-0: Called Strike
0-1: Foul Ball, location: 2F
0-2: Grounds into double play, 5-4-3 (Groundball, 56)
Júlio Sánchez to third
Batting: SHB Dave Henley 0-0: SINGLE (Flyball, 78M)
Júlio Sánchez scores
Batting: RHB Dick Slagboom 0-0: Ball
1-0: Ball
Dave Henley steals 2nd base
2-0: Called Strike
2-1: Foul Ball, location: 2F
2-2: Foul Ball, location: 2F
2-2: Ball
3-2: Fly out, F9 (Flyball, 9)
Top of the 3rd over - 1 run, 2 hits, 0 errors, 1 left on base; Louisville 7 - Allentown 1
BOTTOM OF THE 3RD
Allentown Hillbillies batting - Pitching for Louisville Bats : RHP Honorato Mota
Batting: RHB Von Ford 0-0: Called Strike
0-1: Ball
1-1: Ball
2-1: Swinging Strike
2-2: Foul Ball, location: 2F
2-2: Ground out 5-3 (Groundball, 56)
Batting: LHB António Salazar 0-0: Called Strike
0-1: Foul Ball, location: 2F
0-2: Ball
1-2: Ball
2-2: Ball
3-2: Strikes out swinging
Batting: LHB John Hudson 0-0: Ground out 4-3 (Groundball, 4)
Bottom of the 3rd over - 0 runs, 0 hits, 0 errors, 0 left on base; Louisville 7 - Allentown 1
TOP OF THE 4TH
Louisville Bats batting - Pitching for Allentown Hillbillies : LHP Robert Trent
Batting: RHB Danny Campbell 0-0: Ball
1-0: Ground out U3 (Groundball, 34)
Batting: RHB Juan Costello 0-0: Swinging Strike
0-1: Ball
1-1: Ball
2-1: Ball
3-1: Foul Ball, location: 2F
3-2: Base on Balls
Batting: RHB Juan García 0-0: Called Strike
0-1: Ball
1-1: Called Strike
1-2: Fielders Choice at 2nd, 1-6 (Groundball, 13)
Batting: RHB Roberto Zamora 0-0: SINGLE (Groundball, 4MD)
Juan García to second
Runner from 2nd tries for 3rd, SAFE, no throw
Pitching: RHP Dale Downs
Batting: RHB Júlio Sánchez 0-0: Fly out, F8 (Flyball, 78XD)
Top of the 4th over - 0 runs, 1 hit, 0 errors, 2 left on base; Louisville 7 - Allentown 1
BOTTOM OF THE 4TH
Allentown Hillbillies batting - Pitching for Louisville Bats : RHP Honorato Mota
Batting: RHB Germano Labrego 0-0: Foul Ball, location: 2F
0-1: Foul Ball, location: 2F
0-2: Foul Ball, location: 2F
0-2: Ball
1-2: Foul Ball, location: 2F
1-2: Ball
2-2: Ground out 5-3 (Groundball, 56S)
Batting: RHB Donald Sanford 0-0: Called Strike
0-1: Foul Ball, location: 2F
0-2: Ball
1-2: Ball
2-2: Ball
3-2: Fly out, F7 (Flyball, 7D)
Batting: RHB Diego Rivera 0-0: Foul Ball, location: 2F
0-1: Ball
1-1: Foul Ball, location: 2F
1-2: Ball
2-2: SINGLE (Line Drive, 6D)
Batting: RHB Joel Jackson 0-0: Fly out, F5 (Popup, 56S)
Bottom of the 4th over - 0 runs, 1 hit, 0 errors, 1 left on base; Louisville 7 - Allentown 1
TOP OF THE 5TH
Louisville Bats batting - Pitching for Allentown Hillbillies : RHP Dale Downs
Batting: RHB Alberto Soto 0-0: Called Strike
0-1: Swinging Strike
0-2: Strikes out swinging
Batting: RHB Luis Peña 0-0: Called Strike
0-1: Called Strike
0-2: Ball
1-2: Strikes out looking
Batting: SHB Dave Henley 0-0: Called Strike
0-1: Ball
1-1: Ball
2-1: Foul Ball, location: 2F
2-2: Ground out U3 (Groundball, 3)
Top of the 5th over - 0 runs, 0 hits, 0 errors, 0 left on base; Louisville 7 - Allentown 1
BOTTOM OF THE 5TH
Allentown Hillbillies batting - Pitching for Louisville Bats : RHP Honorato Mota
Batting: RHB António Yánez 0-0: Called Strike
0-1: Ball
1-1: Foul Ball, location: 2F
1-2: Ball
2-2: Strikes out swinging
Batting: RHB Dan Banks 0-0: Called Strike
0-1: Called Strike
0-2: Ball
1-2: Ground out U3 (Groundball, 3)
Batting: RHB Von Ford 0-0: Ground out 6-3 (Groundball, 56)
Bottom of the 5th over - 0 runs, 0 hits, 0 errors, 0 left on base; Louisville 7 - Allentown 1
TOP OF THE 6TH
Louisville Bats batting - Pitching for Allentown Hillbillies : RHP Dale Downs
Batting: RHB Dick Slagboom 0-0: Ball
1-0: Ball
2-0: Ball
3-0: Base on Balls
Batting: RHB Danny Campbell 0-0: Called Strike
0-1: SINGLE (Flyball, 9S)
Dick Slagboom to second
Runner from 2nd tries for 3rd, SAFE, no throw
Batting: RHB Juan Costello 0-0: Ball
1-0: Ball
2-0: Ball
3-0: Base on Balls
Danny Campbell to second
Batting: RHB Juan García 0-0: Called Strike
0-1: Ball
1-1: Ball
2-1: Ball
3-1: Called Strike
3-2: Base on Balls
Dick Slagboom scores
Danny Campbell to third
Juan Costello to second
Batting: RHB Roberto Zamora 0-0: SINGLE (Groundball, 3D)
Danny Campbell scores
Juan Costello to third
Juan García to second
Runner from 3rd tries for Home, SAFE, no throw
Batting: RHB Júlio Sánchez 0-0: Called Strike
0-1: Swinging Strike
0-2: Grounds into double play, 6-4-3 (Groundball, 56)
Juan García to third
Batting: RHB Alberto Soto 0-0: Swinging Strike
0-1: Foul Ball, location: 2F
0-2: Ball
1-2: Ball
2-2: Fly out, F8 (Flyball, 8RD)
Top of the 6th over - 3 runs, 2 hits, 0 errors, 1 left on base; Louisville 10 - Allentown 1
BOTTOM OF THE 6TH
Allentown Hillbillies batting - Pitching for Louisville Bats : RHP Honorato Mota
Batting: LHB António Salazar 0-0: Ball
1-0: Fly out, F7 (Line Drive, 7)
Batting: LHB John Hudson 0-0: Foul Ball, location: 2F
0-1: Ball
1-1: Fly out, F7 (Flyball, 7LS)
Batting: RHB Germano Labrego 0-0: Ball
1-0: Ground out 5-3 (Groundball, 5)
Bottom of the 6th over - 0 runs, 0 hits, 0 errors, 0 left on base; Louisville 10 - Allentown 1
TOP OF THE 7TH
Louisville Bats batting - Pitching for Allentown Hillbillies : RHP Dale Downs
Batting: RHB Luis Peña 0-0: Ball
1-0: Ball
2-0: Ball
3-0: Base on Balls
Batting: SHB Dave Henley 0-0: Ball
1-0: Foul Ball, location: 2F
1-1: Called Strike
Luis Peña is caught stealing 2nd base
1-2: DOUBLE (Groundball, 3L)
Batting: RHB Dick Slagboom 0-0: Ball
Dave Henley is caught stealing 3rd base
1-0: Called Strike
1-1: Foul Ball, location: 2F
1-2: Foul Ball, location: 2F
1-2: Ball
2-2: SINGLE (Groundball, 34S) (infield hit)
Batting: RHB Danny Campbell 0-0: Ball
1-0: Ground out 3-1 (Groundball, 34)
Top of the 7th over - 0 runs, 2 hits, 0 errors, 1 left on base; Louisville 10 - Allentown 1
BOTTOM OF THE 7TH
Allentown Hillbillies batting - Pitching for Louisville Bats : RHP Honorato Mota
Batting: RHB Donald Sanford 0-0: Ball
1-0: Ground out 4-3 (Groundball, 4)
Batting: RHB Diego Rivera 0-0: Ball
1-0: Ball
2-0: Ball
3-0: Called Strike
3-1: Fly out, F7 (Flyball, 78XD)
Batting: RHB Joel Jackson 0-0: Fly out, F5 (Popup, 5SF)
Bottom of the 7th over - 0 runs, 0 hits, 0 errors, 0 left on base; Louisville 10 - Allentown 1
TOP OF THE 8TH
Louisville Bats batting - Pitching for Allentown Hillbillies : RHP Dale Downs
Pitching: LHP Alberto Maldonado
Batting: RHB Juan Costello 0-0: Called Strike
0-1: Ball
1-1: DOUBLE (Line Drive, 8LD)
Batting: RHB Juan García 0-0: Called Strike
0-1: Called Strike
0-2: Ball
1-2: Strikes out looking
Batting: RHB Roberto Zamora 0-0: Ball
Juan Costello steals 3rd base
1-0: Ball
2-0: Called Strike
2-1: SINGLE (Groundball, 5D)
Juan Costello scores
Batting: RHB Júlio Sánchez 0-0: Swinging Strike
0-1: SINGLE (Groundball, 6MD)
Roberto Zamora to second
Batting: RHB Alberto Soto 0-0: Foul Ball, location: 2F
0-1: Ball
1-1: Ball
Wild Pitch!
Roberto Zamora to third
Júlio Sánchez to second
2-1: Foul Ball, location: 2F
2-2: Ground out 6-3 (Groundball, 6M)
Roberto Zamora scores
Júlio Sánchez to third
Batting: RHB Luis Peña 0-0: Called Strike
0-1: Called Strike
0-2: Ball
1-2: Strikes out swinging
Top of the 8th over - 2 runs, 3 hits, 0 errors, 1 left on base; Louisville 12 - Allentown 1
BOTTOM OF THE 8TH
Allentown Hillbillies batting - Pitching for Louisville Bats : RHP Honorato Mota
Batting: RHB António Yánez 0-0: Ball
1-0: Ball
2-0: SINGLE (Groundball, 6MD)
Batting: RHB Dan Banks 0-0: Foul Ball, location: 2F
0-1: Ball
1-1: Foul Ball, location: 2F
1-2: Foul Ball, location: 2F
1-2: DOUBLE (Flyball, 89XD)
António Yánez to third
Batting: RHB Von Ford 0-0: Ball
1-0: Foul Ball, location: 2F
1-1: Foul Ball, location: 2F
1-2: Ground out 1-3 (Groundball, P)
Pitching: LHP Carlos Menéndez
Batting: LHB António Salazar 0-0: Foul Ball, location: 2F
0-1: Fly out, F3 (Line Drive, 3)
Batting: LHB John Hudson 0-0: Ball
1-0: Called Strike
1-1: Foul Ball, location: 2F
1-2: Strikes out swinging
Bottom of the 8th over - 0 runs, 2 hits, 0 errors, 2 left on base; Louisville 12 - Allentown 1
TOP OF THE 9TH
Louisville Bats batting - Pitching for Allentown Hillbillies : LHP Alberto Maldonado
Batting: SHB Dave Henley 0-0: Ball
1-0: Ball
2-0: Called Strike
2-1: Called Strike
2-2: Foul Ball, location: 2F
2-2: Ball
3-2: Base on Balls
Batting: RHB Dick Slagboom 0-0: Foul Ball, location: 2F
0-1: Foul Ball, location: 2F
0-2: Foul Ball, location: 2F
0-2: Ball
1-2: Ball
2-2: Ball
3-2: Fly out, F7 (Flyball, 7S)
Batting: RHB Danny Campbell 0-0: Ball
Dave Henley steals 2nd base
1-0: Foul Ball, location: 2F
1-1: Ball
2-1: Foul Ball, location: 2F
2-2: SINGLE (Line Drive, 9S)
Dave Henley to third
Runner from 3rd tries for Home, SAFE, no throw
Batting: RHB Juan Costello 0-0: Called Strike
0-1: Grounds into double play, 6-4-3 (Groundball, 6)
Top of the 9th over - 1 run, 1 hit, 0 errors, 0 left on base; Louisville 13 - Allentown 1
BOTTOM OF THE 9TH
Allentown Hillbillies batting - Pitching for Louisville Bats : LHP Carlos Menéndez
Now at SS: Don Soper
Pinch Hitting: RHB Albert Lutz 0-0: Ball
1-0: Called Strike
1-1: SINGLE (Groundball, 56D)
Batting: RHB Donald Sanford 0-0: Called Strike
0-1: Ball
1-1: Foul Ball, location: 2F
1-2: Ball
2-2: Ball
3-2: Grounds into double play, 6-4-3 (Groundball, 56)
Batting: RHB Diego Rivera 0-0: Foul Ball, location: 2F
0-1: Swinging Strike
0-2: Ball
1-2: Ball
2-2: Ball
3-2: SOLO HOME RUN (Flyball, 89XD), Distance : 386 ft
Batting: RHB Joel Jackson 0-0: Called Strike
0-1: Called Strike
0-2: Strikes out swinging
Bottom of the 9th over - 1 run, 2 hits, 0 errors, 0 left on base; Louisville 13 - Allentown 2
Saturday, December 16th, 2017 - OOTP Baseball 18.8 Build 76